 Dungeon Crawl Stone Soup version 0.27.0-1-g7a089689b8 (webtiles) character file.

Game seed: 13756498876705840604

8 Spectrina the Magician (level 2, -1/21 HPs)
             Began as a Djinni Necromancer on Aug 17, 2021.
             Slain by a goblin (2 damage)
             ... on level 1 of the Dungeon.
             The game lasted 00:02:12 (346 turns).

Spectrina the Magician (Djinni Necromancer)          Turns: 346, Time: 00:02:12

Health: -1/21      AC:  3    Str:  7    XL:     2   Next: 15%
Gold:   29         EV: 12    Int: 16    God:
                   SH:  0    Dex: 13

rFire    + + .     SeeInvis .   f - +0 dagger
rCold    x . .     Faith    .   (no shield)
rNeg     . . .     Spirit   .   a - +0 robe
rPois    ∞         Reflect  .   (no helmet)
rElec    .         Harm     .   (no cloak)
rCorr    .         Rampage  .   b - +0 pair of gloves
Will     .....                  (boots unavailable)
Stlth    ++........             (no amulet)
HPRegen  0.07/turn              (no ring)
MPRegen  0.00/turn              (no ring)

@: flying, very slightly contaminated
A: sickness immunity, fire resistance 2, cold vulnerability 1, float, innate
caster, hp casting, extra vitality 1
a: no special abilities


You were on level 1 of the Dungeon.
You visited 1 branch of the dungeon, and saw 2 of its levels.

You collected 29 gold pieces.

Inventory:

Hand Weapons
 f - a +0 dagger (weapon)
Missiles
 i - 28 bolts
Armour
 a - a +0 robe (worn)
 b - a +0 pair of gloves (worn)
Scrolls
 c - a scroll of blinking {unknown}
 d - a scroll of identify {unknown}
 g - a scroll of teleportation {unknown}
 h - a scroll of amnesia {unknown}
Potions
 e - a potion of mutation {unknown}


   Skills:
 - Level 2.1 Dodging
 - Level 1.5 Stealth
 + Level 3.6 Spellcasting


You couldn't memorise any spells.
You knew the following spells:

 Your Spells              Type           Power      Damage    Failure   Level
a - Pain                  Necr           56%        1d6       4%          1
b - Animate Skeleton      Necr           28%        N/A       4%          1
c - Vampiric Draining     Necr           7%         2d7       12%         3
d - Animate Dead          Necr           7%         N/A       36%         4
e - Agony                 Necr           14%        N/A       73%         5
Your spell library was empty.

Dungeon Overview and Level Annotations

Branches:
Dungeon (2/15)

Altars:


Innate Abilities, Weirdness & Mutations

You are immune to sickness and miasma.
You are immune to poison.
Your flesh is very heat resistant. (rF++)
You are vulnerable to cold. (rC-)
You float through the air rather than walking.
You learn spells naturally, not from books.
Your magical power is your life essence.
You have superior vitality. (+4 HP)


Message History

A kobold comes into view. It is wielding a +0 short sword.
A bat comes into view.
The bat moves out of view.
Casting: Pain (safe; 4% risk of failure)
Confirm with . or Enter, or press ? or * to list all spells.
Aiming: Pain (safe; 4% risk of failure)
Press: ? - help, Shift-Dir - straight line, f/p - goblin
Aim: a goblin, wielding a +0 dagger (chance to affect: 85%)
The goblin writhes in agony.
* * * LOW HITPOINT WARNING * * *
Casting: Pain (safe; 4% risk of failure)
Confirm with . or Enter, or press ? or * to list all spells.
Aiming: Pain (safe; 4% risk of failure)
Press: ? - help, Shift-Dir - straight line, f/p - goblin
Aim: a goblin, wielding a +0 dagger (moderately wounded, chance to affect: 85%)
The goblin writhes in agony.
* * * LOW HITPOINT WARNING * * *
There is an open door here.
There is an open door here.
Casting: Pain (safe; 4% risk of failure)
Confirm with . or Enter, or press ? or * to list all spells.
Aiming: Pain (safe; 4% risk of failure)
Press: ? - help, Shift-Dir - straight line, f/p - goblin
Aim: a goblin, wielding a +0 dagger (heavily wounded, chance to affect: 85%)
The goblin writhes in agony.
* * * LOW HITPOINT WARNING * * *
Unknown command.
A goblin comes into view. It is wielding a +2 vampiric dagger.
The goblin shouts!
Casting: Pain (safe; 4% risk of failure)
Confirm with . or Enter, or press ? or * to list all spells.
Aiming: Pain (safe; 4% risk of failure)
Press: ? - help, Shift-Dir - straight line, f/p - goblin
Aim: a goblin, wielding a +0 dagger (severely wounded, chance to affect: 85%)
You miscast Pain.
You are very lightly contaminated with residual magic.
Nothing appears to happen.
* * * LOW HITPOINT WARNING * * *
The goblin hits you with a +0 dagger.
You die...

#. ....##.# #.#.####### #.##
....##.# #:..# #... ....##.#
###.# #+# #..# ....##.#####.#
...## #..# ... #.......# # ....##
#..##.# #######.# ## .....##
#.....# ##.## ##.
......####...###########...####..
......'........g@.............+..
......##.......#########...####..
.....###.#..##.# ##.## ##. ....##
#...###.# #..# ## ...## #..## #g#
##.# # #'## #..# #.# .# #.#
#..####.# .# #.# #..g....# #.###
##.######


You could see a goblin.

Vanquished Creatures
  A ball python (D:1)
  An endoplasm (D:1)
  2 goblins (D:1)
  A quokka (D:1)
  2 frilled lizards (D:1)
  A rat (D:2)
8 creatures vanquished.

Notes
Turn   | Place    | Note
-------+----------+-------------------------------------------
     0 | D:1      | Spectrina the Djinni Necromancer began the quest for the
                  | Orb.
     0 | D:1      | Reached XP level 1. HP: 15/15 MP: 0/0
   204 | D:1      | Reached XP level 2. HP: 3/21 MP: 0/0
   346 | D:1      | Slain by a goblin

Illustrated notes

Levels and vault maps discovered:
D:1:      minmay_arrival_four_circles, layout_loops_corners, nrook_mini_vaults
D:2:      layout_rooms, kennysheep_nondescript, minmay_octomino_e4

Action                   || total
-------------------------++-------
 Cast: Pain              ||    16
